 Dungeon Crawl Stone Soup version 0.21.1-1-g345015fe64 (webtiles) character file.

60 Ivernyr the Bolt Thrower (level 3, -3/32 HPs)
             Began as a Deep Dwarf Arcane Marksman on May 31, 2018.
             Slain by an iron imp (4 damage)
             ... summoned by Natasha
             ... on level 2 of the Dungeon.
             The game lasted 00:03:42 (1038 turns).

Ivernyr the Bolt Thrower (DDAM)                     Turns: 1038, Time: 00:03:42

Health: -3/32      AC:  5    Str: 13    XL:     3   Next: 82%
Magic:  3/3        EV: 11    Int: 13    God:
Gold:   63         SH:  0    Dex: 14    Spells: 3/4 levels left

rFire    . . .     SeeInvis .   g - +0 whip
rCold    . . .     Gourm    .   (no shield)
rNeg     . . .     Faith    .   e - +0 ring mail
rPois    .         Spirit   .   (no helmet)
rElec    .         Reflect  .   (no cloak)
rCorr    .         Harm     .   (no gloves)
MR       .....                  (no boots)
Stlth    +.........             (no amulet)
HPRegen  0.00/turn              (no ring)
MPRegen  0.08/turn              (no ring)

@: non-regenerating
A: damage resistance, heal wounds, sense surroundings 1, no regeneration
a: Heal Wounds


You were on level 2 of the Dungeon.
You were hungry.

You visited 1 branch of the dungeon, and saw 2 of its levels.

You collected 63 gold pieces.

Inventory:

Hand Weapons
 a - a +0 hand crossbow
 g - a +0 whip (weapon)
Missiles
 d - 20 bolts
Armour
 e - a +0 ring mail (worn)
Scrolls
 i - 2 scrolls of immolation {unknown}
 k - 2 scrolls of identify {unknown}
 l - 3 scrolls of fog {unknown}
 n - a scroll of magic mapping {unknown}
 p - a scroll of noise {unknown}
 r - a scroll of enchant weapon {unknown}
Potions
 b - a potion of might {unknown}
 h - 2 potions of haste {unknown}
 j - a potion of berserk rage {unknown}
 m - a potion of brilliance {unknown}
 o - a potion of ambrosia {unknown}
 q - 2 potions of mutation {unknown}
Books
 c - a book of Debilitation

   Spells                             Type                      Level
   a - Corona                         Hexes                        1
   b - Slow                           Hexes                        2
   c - Inner Flame                    Hexes/Fire                   3
   d - Portal Projectile              Hexes/Translocation          3
   e - Cause Fear                     Hexes                        4
   f - Leda's Liquefaction            Hexes/Earth                  4
Comestibles
 f - 5 rations


   Skills:
 + Level 1.7 Fighting
 * Level 3.6 Crossbows
 + Level 1.6 Armour
 - Level 2.1 Dodging
 - Level 1.0 Spellcasting
 - Level 2.4 Hexes


You had 3 spell levels left.
You knew the following spells:

 Your Spells              Type           Power        Failure   Level  Hunger
a - Corona                Hex            #......      22%         1    ##.....


Dungeon Overview and Level Annotations

Branches:
Dungeon (2/15)

Altars:

Annotations:
D:2 Natasha


Innate Abilities, Weirdness & Mutations

You are resistant to damage.
You can heal yourself by infusing magical energy.
You passively map a small area around you.
You do not regenerate.


Message History

* * * LOW HITPOINT WARNING * * *
The iron imp hits you!
* * * LOW HITPOINT WARNING * * *
You hit Natasha.
Natasha is severely wounded.
Natasha barely misses you.
The crimson imp shouts, "Scamper home, thou feckless ruttish whey-face!"
The iron imp barely misses you.
You barely miss Natasha.
Natasha is severely wounded.
Natasha claws you. The iron imp hits you.
You barely miss Natasha.
Natasha is severely wounded.
Natasha howls an incantation.
Natasha shimmers violently.
Natasha stares at you and mumbles some strange words.
The magic dart hits you!
* * * LOW HITPOINT WARNING * * *
The iron imp hits you.
You die...

#.* ##.######.#### *#
#............# * *
.....#.######## , .#..#
,* ** * .... * * , ,,
*#..# ###### , , 55#
###..... , *#h# #......#
, * #@# #.#.##.# ##5##
#.#..... * #...# #.#.##.#
#...# #.#.##.# .. #...#
#..>.... * #.###...#####
#...##.#
,*#...........####..###.#
..............##.......
,,
..<.......).#.##..#.#.#


You could see an iron imp, Natasha, a crimson imp and a shadow imp.

Vanquished Creatures
  Natasha (D:2)
  2 dart slugs (D:1)
  An orc (D:2)
  3 giant cockroaches (D:1)
  4 goblins
  2 hobgoblins
  2 jackals (D:2)
  4 bats (D:1)
  4 frilled lizards
  3 kobolds (D:1)
  4 rats (D:1)
30 creatures vanquished.

Notes
Turn   | Place    | Note
-------+----------+-------------------------------------------
     0 | D:1      | Ivernyr the Deep Dwarf Arcane Marksman began the quest for the Orb.
     0 | D:1      | Reached XP level 1. HP: 16/16 MP: 2/2
    64 | D:1      | Reached skill level 1 in Fighting
   256 | D:1      | Reached XP level 2. HP: 21/25 MP: 3/3
   339 | D:1      | Reached skill level 1 in Armour
   370 | D:1      | Reached skill level 3 in Crossbows
   719 | D:2      | Reached XP level 3. HP: 18/31 MP: 4/4
   815 | D:2      | Noticed Natasha
   835 | D:2      | Killed Natasha
   955 | D:2      | Found a faded altar of an unknown god.
  1011 | D:2      | Noticed Natasha
  1038 | D:2      | HP: 1/32 [Natasha/magic dart (3)]
  1038 | D:2      | Slain by an iron imp

Skill      XL: |  1  2 |
---------------+-------+-----
Fighting       | 1 |  1.7
Armour         | 1 |  1.6
Crossbows      | 3 |  3.6
Dodging        | |  2.1
Spellcasting   | |  1.0
Hexes          | |  2.4

Action                   || total
-------------------------++-------
Melee: Dagger            ||    10
       Club              ||    11
       Unarmed           ||     3
       Whip              ||   138
 Abil: Heal Wounds       ||     1
 Stab: Sleeping          ||     1
Armor: Robe              ||     5
       Ring mail         ||    45
Dodge: Dodged            ||   111
